 Dungeon Crawl Stone Soup version 0.31.0-32-g396128a36d (webtiles) character file.

Game seed: 15907036450351567458

5860 PaiMei the Zephyrmancer (level 10, 0/61 HPs)
             Began as a Tengu Air Elementalist on Mar 19, 2024.
             Was a Believer of Vehumet.
             Slain by a centaur warrior (3 damage)
             ... on level 8 of the Dungeon.
             The game lasted 00:24:02 (12963 turns).

PaiMei the Zephyrmancer (Tengu Air Elementalist)   Turns: 12963, Time: 00:24:03

Health: 0/61       AC:  5    Str:  8    XL:     10   Next: 81%
Magic:  15/30      EV: 19    Int: 25    God:    Vehumet [**....]
Gold:   539        SH:  5    Dex: 16    Spells: 12/22 levels left

rFire   + . .        j - +2 dagger (venom)
rCold   . . .        (no shield)
rNeg    . . .        J - +2 leather armour {rF+}
rPois   .            u - +0 hat
rElec   .            x - scarf {repulsion}
rCorr   .            (no gloves)
SInv    .            (boots unavailable)
Will    .....        w - amulet of reflection
Stlth   ++           q - +6 ring of intelligence
HPRegen 0.30/turn    A - ring of magical power
MPRegen 0.22/turn

%: repel missiles, reflection, acrobat
@: flying
A: beak, talons 3, evasive flight, acrobatic
a: Renounce Religion


You were on level 8 of the Dungeon.
You worshipped Vehumet.
Vehumet was pleased with you.
You visited 2 branches of the dungeon, and saw 9 of its levels.
You also visited: Sewer and Bailey.

You collected 539 gold pieces.

Inventory:

Hand Weapons
 i - a +1 whip of electrocution
 j - a +2 dagger of venom (weapon)
 E - a +2 dagger of freezing
 K - a +3 trident of draining
Missiles
 p - 21 poisoned darts (quivered)
 F - a curare-tipped dart
Armour
 u - a +0 hat (worn)
 x - a scarf of repulsion (worn)
 y - an orb of mayhem
 J - a +2 leather armour of fire resistance (worn)
 L - an orb of guile
 M - a +2 robe of willpower
Jewellery
 q - a +6 ring of intelligence (left hand)
 w - an amulet of reflection (around neck)
 A - a ring of magical power (right hand)
 G - the ring of Hoeleero {Fly rElec rPois Int-2}
   (You found it on level 6 of the Dungeon)

   [ring of poison resistance]

   Int-2:     It affects your intelligence (-2).
   rElec:     It insulates you from electricity.
   rPois:     It protects you from poison Fly: It grants you flight.
 I - a ring of protection from fire
 P - a ring of fire
Wands
 d - a wand of mindburst (14)
 v - a wand of polymorph (5)
 O - a wand of quicksilver (11)
Scrolls
 a - 2 scrolls of enchant weapon {unknown}
 g - 2 scrolls of amnesia {unknown}
 h - 5 scrolls of teleportation
 k - a scroll of enchant armour {unknown}
 l - 4 scrolls of vulnerability {unknown}
 n - 7 scrolls of blinking {unknown}
 B - 3 scrolls of fear {unknown}
 D - a scroll of silence {unknown}
Potions
 b - 2 potions of magic
 c - a potion of invisibility {unknown}
 e - a potion of haste
 f - a potion of lignification
 m - a potion of ambrosia
 o - a potion of curing {unknown}
 r - 2 potions of resistance {unknown}
 s - 2 potions of berserk rage
 t - 2 potions of enlightenment
 z - 2 potions of might {unknown}
 C - 5 potions of mutation
 H - 2 potions of heal wounds {unknown}
Miscellaneous
 N - a phial of floods


   Skills:
 + Level 6.9 Fighting
 + Level 8.2 Dodging
 - Level 2.1 Stealth
 + Level 6.7 Spellcasting
 + Level 9.4 Conjurations
 + Level 10.1 Air Magic


You had 12 spell levels left.
You knew the following spells:

 Your Spells              Type           Power      Damage    Failure   Level
a - Shock                 Conj/Air       100%       1d9       1%          1
b - Static Discharge      Conj/Air       100%       3-8/arc   1%          2
c - Swiftness             Air            56%        N/A       1%          3
d - Airstrike             Air            28%        2d(4-20)  1%          4

Your spell library contained the following spells:

 Spells                   Type           Power      Damage    Failure   Level
 Mercury Vapours          Alch/Air       66%        N/A       1%          2
 Momentum Strike          Conj/Tloc      62%        3d9       2%          2
 Summon Lightning Spire   Summ/Air       33%        N/A       12%         4
 Blink                    Tloc           16%        N/A       16%         2
 Ensorcelled Hibernation  Hex/Ice        16%        N/A       16%         2
 Jinxbite                 Hex            16%        N/A       16%         2
 Lesser Beckoning         Tloc           16%        N/A       16%         2
 Passwall                 Erth           8%         N/A       30%         3
 Animate Dead             Necr           8%         N/A       69%         4
 Borgnjor's Vile Clutch   Necr/Erth      4%         N/A       95%         5
 Yara's Violent Unravell  Hex/Alch       4%         3d4       95%         5
 Death Channel            Necr           4%         N/A       100%        6
 Enfeeble                 Hex            4%         N/A       100%        7


Dungeon Overview and Level Annotations

Branches:
Dungeon (8/15)             Temple (1/1) D:5            Lair (0/5) D:8
  Sewer (visited)          Bailey (visited)

Altars:
Ashenzari
Cheibriados
Dithmenos
Elyvilon
Fedhas
Gozag
Hepliaklqana
Makhleb
Nemelex Xobeh
Okawaru
Qazlal
Trog
Vehumet
Wu Jian
Xom
Yredelemnul
Zin
The Shining One

Annotations:
D:2 1 runed translucent door, Crazy Yiuf
D:6 1 runed translucent door, Zeo's ghost, novice SpBr


Innate Abilities, Weirdness & Mutations

You have a beak for a mouth.
You have claws for feet.
Your magical flight helps you evade attacks. (EV +4)
You can magically evade attacks while moving or waiting.


Message History

Okay, then.
Okay, then.
Aiming: Polymorph
Press: ? - help, Shift-Dir - straight line, f/p - centaur warrior
Aim: a centaur warrior, wearing an amulet of reflection and quivering poisoned darts (moderately wounded, very poisoned, reflecting blocked projectiles, will become a fire crab, a cyclops, or a komodo dragon, chance to affect: 31%)
Okay, then.
Aiming: Mindburst
Press: ? - help, Shift-Dir - straight line, f/p - centaur warrior
Aim: a centaur warrior, wearing an amulet of reflection and quivering poisoned darts (moderately wounded, very poisoned, reflecting blocked projectiles, chance to affect: 47%)
Okay, then.
Unknown command.
Unknown command.
Unknown command.
Unknown command.
Unknown command.
Unknown command.
Casting: Airstrike (dangerous; 1% risk of failure)
Confirm with . or Enter, or press ? or * to list all spells.
You don't know that spell.
Casting: Airstrike (dangerous; 1% risk of failure)
Confirm with . or Enter, or press ? or * to list all spells.
Aiming: Airstrike (dangerous; 1% risk of failure)
Press: ? - help, Dir - move target, f/p - centaur warrior
Aim: a centaur warrior, wearing an amulet of reflection and quivering poisoned darts (moderately wounded, very poisoned, reflecting blocked projectiles, empty space bonus: 2/8)
The air twists around and strikes the centaur warrior!
The centaur warrior is heavily wounded.
You block the centaur warrior's attack. The centaur warrior closely misses you.
The centaur warrior hits you!
* * * LOW HITPOINT WARNING * * *
The centaur warrior kicks you.
* * * LOW HITPOINT WARNING * * *
Casting: Airstrike (dangerous; 1% risk of failure)
Confirm with . or Enter, or press ? or * to list all spells.
Aiming: Airstrike (dangerous; 1% risk of failure)
Press: ? - help, Dir - move target, f/p - centaur warrior
Aim: a centaur warrior, wearing an amulet of reflection and quivering poisoned darts (heavily wounded, very poisoned, reflecting blocked projectiles, empty space bonus: 2/8)
The air twists around and strikes the centaur warrior!
The centaur warrior is heavily wounded.
The centaur warrior closely misses you. The centaur warrior kicks you.
You die...

.... ..........## #.#.#
o ..........# ....##.
#........## ...#..
#.##....#. ..#.# .
######.. [#.##.S# #.
........ #######..
###..... #.c...... #
#.#### ###@### # #.#
###.....### ###.#
##.........# .##.#
##.......P...# ....#
####..............
#..####.))).....>.(.....
##..##..##..............
###...####...........##
##..# ##.........##


You could see a centaur warrior (very poisoned, reflecting).

Vanquished Creatures
  A centaur warrior (D:7)
  Maurice (D:7)
  Joseph (D:7)
  Jeremiah (D:6)
  Grinder (D:5)
  Prince Ribbit (D:7)
  Sigmund (D:6)
  Eustachio (D:6)
  A steam dragon (D:6)
  A warg (D:8)
  An acid dragon (D:8)
  A water moccasin (D:8)
  6 orc warriors
  2 ice beasts
  An ogre (D:5)
  2 wolves (D:8)
  A centaur (D:6)
  2 kobold brigands (Sewer)
  3 bullfrogs
  4 scorpions
  4 wights (D:7)
  3 killer bees
  4 howler monkeys (D:7)
  4 bombardier beetles
  A quasit (Sewer)
  4 orc priests
  2 hounds (D:6)
  A jelly (D:6)
  2 sleepcaps (D:6)
  5 iguanas
  10 orc wizards
  A gnoll (Bailey)
  A river rat (D:6)
  7 adders
  6 shadow imps
  4 white imps
  2 ufetubi
  4 dart slugs (D:1)
  A ribbon worm (D:1)
  21 orcs
  12 ball pythons
  4 bats
  7 endoplasms
  11 giant cockroaches
  7 hobgoblins
  3 jackals
  22 kobolds
  2 quokkas
  14 goblins
  9 rats
211 creatures vanquished.

Vanquished Creatures (others)
  An orc wizard (D:8)
1 creature vanquished.

Grand Total: 212 creatures vanquished

Notes
Turn   | Place    | Note
-------+----------+-------------------------------------------
     0 | D:1      | PaiMei the Tengu Air Elementalist began the quest for the
                  | Orb.
     0 | D:1      | Reached XP level 1. HP: 10/10 MP: 4/4
   163 | D:1      | Reached XP level 2. HP: 15/15 MP: 1/6
   735 | D:1      | Reached XP level 3. HP: 20/20 MP: 5/7
   784 | D:1      | Learned a level 2 spell: Static Discharge
   981 | D:1      | Found a faded altar of an unknown god.
  1464 | D:2      | Reached skill level 1 in Fighting
  1522 | D:2      | Reached XP level 4. HP: 20/25 MP: 4/8
  2202 | D:2      | Found a runed translucent door.
  2203 | D:2      | Noticed Crazy Yiuf
  2670 | D:3      | Reached XP level 5. HP: 19/29 MP: 6/10
  2712 | D:3      | Reached skill level 5 in Air Magic
  3682 | D:4      | Reached XP level 6. HP: 35/35 MP: 5/11
  4430 | D:4      | Noticed a water moccasin
  4455 | D:5      | Entered Level 5 of the Dungeon
  4458 | D:5      | Found a staircase to the Ecumenical Temple.
  4475 | Temple   | Entered the Ecumenical Temple
  4655 | D:5      | Noticed an ice beast
  4656 | D:5      | Noticed Grinder
  4661 | D:5      | Gained mutation: Your magical flight helps you evade
                  | attacks. (EV +4) [Tengu growth]
  4661 | D:5      | Reached XP level 7. HP: 40/40 MP: 6/13
  4813 | D:5      | Reached skill level 6 in Air Magic
  5131 | D:5      | Paralysed by Grinder for 3 turns
  5141 | D:5      | Killed Grinder
  5142 | D:5      | Reached skill level 5 in Conjurations
  5142 | D:5      | Reached XP level 8. HP: 18/46 MP: 4/15
  5538 | D:5      | Reached skill level 5 in Dodging
  5755 | D:5      | Found an opulent altar of Gozag.
  5758 | D:5      | Found a sparkling altar of Nemelex Xobeh.
  5758 | D:5      | Found a shimmering altar of Xom.
  5769 | D:5      | Found a burning altar of Makhleb.
  5772 | D:5      | Found a radiant altar of Vehumet.
  5779 | D:5      | Became a worshipper of Vehumet
  5957 | D:6      | Found a shadowy altar of Dithmenos.
  6117 | D:6      | Noticed Eustachio
  6149 | D:6      | Noticed Jeremiah
  6200 | D:6      | Found a shimmering altar of Xom.
  6230 | D:6      | Noticed Sigmund
  6241 | D:6      | Killed Sigmund
  6242 | D:6      | Reached skill level 7 in Air Magic
  6283 | D:6      | Found a glowing drain.
  6316 | Sewer    | Entered a sewer
  6526 | Sewer    | Found a burning altar of Makhleb.
  6615 | Sewer    | Reached * piety under Vehumet
  6615 | Sewer    | Offered knowledge of Kiss of Death by Vehumet.
  6695 | Sewer    | Reached XP level 9. HP: 52/52 MP: 17/17
  6937 | D:6      | Identified the ring of Hoeleero {Fly rElec rPois Int-2}
  6963 | D:6      | Reached skill level 5 in Spellcasting
  7490 | D:6      | Killed Jeremiah
  7491 | D:6      | Reached skill level 5 in Fighting
  7491 | D:6      | Reached skill level 8 in Air Magic
  7742 | D:6      | Found a runed translucent door.
  7745 | D:6      | Noticed Zeo's ghost (novice SpBr)
  7832 | D:6      | Found a glowing silver altar of Zin.
  7847 | D:6      | Killed Eustachio
  8283 | D:7      | Learned a level 3 spell: Swiftness
  8288 | D:7      | Learned a level 4 spell: Airstrike
  8466 | D:7      | Noticed Joseph
  8482 | D:7      | Killed Joseph
  8654 | D:7      | Noticed Maurice
  8966 | D:7      | Reached skill level 9 in Air Magic
  9212 | D:7      | Noticed Prince Ribbit
  9229 | D:7      | Killed Prince Ribbit
  9230 | D:7      | Reached XP level 10. HP: 34/60 MP: 19/19
  9512 | D:7      | Offered knowledge of Mercury Vapours by Vehumet.
 10175 | D:8      | Found a flagged portal.
 10184 | Bailey   | Entered a bailey
 10189 | Bailey   | Noticed an orc warlord
 10331 | Bailey   | Reached ** piety under Vehumet
 10528 | Bailey   | Found a runed translucent gate.
 10530 | Bailey   | Found a runed translucent gate.
 10531 | Bailey   | Found a runed translucent gate.
 11329 | D:8      | Noticed a centaur warrior
 11540 | D:8      | Noticed a centaur warrior
 11948 | D:7      | Maurice stole 21 poisoned darts
 11952 | D:7      | Killed Maurice
 12172 | D:7      | Killed a centaur warrior
 12704 | D:8      | Reached skill level 10 in Air Magic
 12856 | D:8      | Found a staircase to the Lair.
 12962 | D:8      | HP: 2/61 [centaur warrior (4)]
 12963 | D:8      | Slain by a centaur warrior

Illustrated notes

Levels and vault maps discovered:
D:1:      dpeg_arrival_brainrot, layout_basic,
          dilly_ecumenical_altar_fadedgnrine, minmay_misc_feat_columns,
          chequers_serial_rivers_large_a, hangedman_decor_growths
D:2:      layout_basic, uniq_crazy_yiuf_cottage
D:3:      layout_basic, kennysheep_generic_room_13
D:4:      layout_loops_ring, nicolae_elevator_lobby_asterisk
D:5:      layout_loops_ring, minmay_overflow_temple_star_hex,
          minmay_temple_entry_statues_pillars, uniq_grinder
D:6:      layout_loops_ring, mainiacjoe_overflow_catch_the_wave,
          ebering_ghost_reflecting_pool, gup_sewer_entry_bowl,
          minmay_ruined_shrine, uniq_jeremiah, uniq_sigmund, uniq_eustachio
D:7:      layout_loops_corners, kennysheep_generic_room_7, uniq_joseph,
          uniq_prince_ribbit1, uniq_maurice
D:8:      layout_cave_pods, erik_lair_orcish_takeover, enter_bailey_3,
          minmay_manual_mess
Temple:   chequers_temple_sunken

Skill      XL: |  1  2  3  4  5  6  7  8  9 10 |
---------------+-------------------------------+-----
Conjurations   | 2 3 4 5 6 8 9 |  9.4
Fighting       | 1 2 3 4 5 6 |  6.9
Dodging        | 3 4 5 7 8 |  8.2
Air Magic      | 5 6 7 9 10 | 10.1
Spellcasting   | 3 4 5 6 |  6.7
Stealth        | |  2.1

Action                     |  1- 3 |  4- 6 |  7- 9 | 10-12 || total
---------------------------+-------+-------+-------+-------++-------
  Melee: Kick              |     4 |     4 |    18 |    16 ||    42
         Unarmed           |     1 |       |       |       ||     1
         Mace              |     7 |       |       |       ||     7
         Peck              |     1 |       |    12 |     9 ||    22
         Dagger            |     2 |    15 |    65 |    50 ||   132
         Whip              |     1 |       |       |       ||     1
         Punch             |       |       |       |     2 ||     2
  Throw: Dart              |       |       |     1 |       ||     1
   Cast: Shock             |    58 |   121 |   242 |   112 ||   533
         Static Discharge  |       |       |    10 |    13 ||    23
         Swiftness         |       |       |     1 |     2 ||     3
         Airstrike         |       |       |       |    17 ||    17
    Use: Scroll            |       |       |     4 |     3 ||     7
   Stab: Distracted        |     1 |       |       |       ||     1
         Sleeping          |       |       |     1 |       ||     1
 Armour: Robe              |    12 |     9 |    45 |       ||    66
         Leather armour    |       |       |    14 |    69 ||    83
  Dodge: Dodged            |    16 |    24 |   196 |   113 ||   349
         Repelled          |       |       |     1 |       ||     1
  Block: Other             |       |       |    44 |    34 ||    78
         Reflection        |       |       |     5 |     4 ||     9
